Map: Lightshade LE

Players

Stephano

  • Race: Zerg Zerg

MarineLorD - Winner!

  • Race: Terran Terran
  • League: Master

Event: DreamHack SC2 Masters 2021 Winter

VOD

Have the link to the VOD?

Description

Time

  • Played on: Oct. 1, 2021, 2:10 p.m.
  • Length: 8:01

All games in this series

Show
View Real Time Build Order
Export as new Build Order

Stephano Zerg 

Build Orders: Hatch First 

Get SALT Encoding   

  12  0:00  Drone  
  13  0:12  Overlord  
  13  0:17  Drone  
  14  0:30  Drone x2  
  16  0:47  Hatchery  
  15  0:50  Drone  
  15  0:53  Drone  
  17  0:57  Drone  
  18  1:07  Extractor  
  17  1:12  Spawning Pool  
  17  1:15  Drone  
  17  1:18  Drone  
  18  1:27  Drone  
  19  1:38  Drone  
  20  1:49  Drone  
  21  2:00  Queen x2  
  21  2:01  Zergling x4  
  27  2:08  Spine Crawler  
  25  2:14  Zergling x4  
  26  2:22  Zergling x2  
  27  2:28  Zergling x2  
  22  2:54  Zergling x6  
  25  3:06  Zergling x4  
  25  3:10  Overlord  
  26  3:18  Overlord  
  24  3:28  Queen  
  24  3:37  Queen  
  24  3:38  Drone  
  27  3:41  Drone  
  27  3:44  Drone  
  29  3:49  Drone  
  29  3:53  Drone  
  29  3:54  Drone  
  33  4:02  Drone  
  33  4:04  Metabolic Boost  
  33  4:12  Drone x2  
  35  4:30  Hatchery  
  34  4:34  Drone x3  
  34  4:37  Drone  
  34  4:38  Drone  
  39  4:41  Drone  
  40  4:48  Queen  
  40  4:52  Overlord  
  42  4:57  Drone  
  43  5:07  Overlord  
  43  5:10  Queen  
  45  5:14  Zergling x10  
  45  5:15  Zergling x2  
  51  5:23  Overlord  
  51  5:34  Overlord  
  47  5:37  Drone x5  
  52  5:43  Drone  
  51  5:51  Drone x4  
  55  6:02  Overlord  
  55  6:03  Drone x2  
  55  6:04  Lair  
  55  6:08  Drone x2  
  57  6:15  Extractor  
  57  6:17  Extractor  
  57  6:18  Roach Warren  
  52  6:19  Evolution Chamber  
  52  6:25  Drone x4  
  55  6:27  Drone  
  55  6:28  Drone  
  57  6:38  Drone x3  
  60  6:41  Spore Crawler  
  60  6:42  Spore Crawler  
  60  6:46  Drone x2  
  60  6:49  Drone x2  
  60  6:51  Extractor  
  61  6:55  Overlord  
  61  6:59  Roach  
  61  7:00  Roach  
  65  7:03  Roach x2  
  68  7:09  Roach x2  
  68  7:15  Roach x3  
  77  7:21  Roach x2  
  81  7:26  Overlord  
  81  7:32  Overlord  
  72  7:40  Roach x5  
Show
View Real Time Build Order
Export as new Build Order

MarineLorD Terran - Winner!

Build Orders:  

Get SALT Encoding   

  12  0:00  SCV  
  13  0:12  SCV  
  14  0:18  Supply Depot  
  14  0:24  SCV  
  15  0:40  Barracks  
  15  0:50  Barracks  
  15  0:53  SCV  
  16  1:05  SCV  
  16  1:06  Refinery  
  17  1:17  SCV  
  18  1:26  Marine  
  18  1:29  Orbital Command  
  19  1:32  Supply Depot  
  19  1:37  Marine  
  20  1:44  Marine  
  21  1:51  Bunker  
  21  1:55  Bunker  
  21  2:00  Marine  
  22  2:03  Marine  
  23  2:10  SCV  
  24  2:18  Marine  
  24  2:21  Marine  
  24  2:22  SCV  
  26  2:35  SCV  
  27  2:37  Marine  
  28  2:45  Factory, Marine  
  28  2:47  SCV  
  30  2:55  Supply Depot, Marine  
  31  3:08  SCV  
  31  3:17  Marine x2  
  31  3:19  Command Center  
  33  3:20  SCV  
  33  3:32  SCV  
  30  3:37  Factory Reactor  
  25  3:42  Starport, Supply Depot  
  25  3:44  SCV  
  26  3:52  Refinery  
  26  3:56  SCV  
  27  4:08  SCV  
  28  4:13  Hellion  
  28  4:14  Hellion, Barracks  
  32  4:18  Medivac  
  32  4:21  SCV  
  35  4:32  Orbital Command  
  35  4:33  SCV  
  35  4:35  Hellion x2  
  40  4:45  SCV  
  41  4:46  Barracks Tech Lab, Barracks Reactor  
  41  4:52  Viking  
  43  4:56  Orbital Command  
  43  4:57  SCV  
  44  5:06  Marine  
  45  5:07  Stimpack, Marine  
  45  5:08  Marine  
  45  5:09  SCV  
  48  5:19  Factory Reactor  
  48  5:21  SCV  
  48  5:22  SCV  
  48  5:24  Marine  
  48  5:25  Marine  
  52  5:29  Marine  
  52  5:30  Marine x2  
  52  5:33  SCV  
  52  5:34  SCV  
  55  5:36  Starport Reactor  
  55  5:42  Marine  
  54  5:43  Marine  
  54  5:45  SCV  
  54  5:46  SCV  
  54  5:47  Marine  
  54  5:48  Marine  
  55  5:53  Marine  
  56  5:57  SCV  
  56  5:58  SCV  
  56  6:03  Marine  
  59  6:08  Marine  
  59  6:09  SCV  
  59  6:10  SCV  
  62  6:18  Supply Depot  
  62  6:21  Medivac x2  
  62  6:22  SCV  
  68  6:26  Hellion  
  68  6:30  Marine  
  70  6:35  Supply Depot  
  70  6:38  Armory  
  70  6:39  Marine x4  
  76  6:40  Hellion  
  76  6:42  SCV  
  77  6:48  Marine  
  77  6:51  Supply Depot  
  78  6:57  SCV x2, Marine x4  
  84  7:03  Hellion  
  86  7:12  Marine  
  86  7:13  Hellion  
  86  7:15  Marine x4  
  93  7:16  Supply Depot  
  93  7:18  Supply Depot  
  93  7:24  SCV  
  94  7:31  Marine  
  94  7:33  Marine x3  
  94  7:34  Marine  
  94  7:36  SCV  

Tags
 
Add a new tag
Caveats
  • Supply blocks, unpowered buildings, or Contaminate may cause inaccurate times.
  • Supply counts are checked every 10 seconds.